 Dungeon Crawl Stone Soup version 0.27-a0-1177-g245c70e1c0 (webtiles) character file.

Game seed: 12936007997252679641

1952 leviel the Cleaver (level 8, -3/73 HPs)
             Began as a Minotaur Fighter on May 17, 2021.
             Slain by an orc warrior
             ... wielding a +0 glaive
              (13 damage)
             ... on level 7 of the Dungeon.
             The game lasted 00:04:36 (5692 turns).

leviel the Cleaver (Minotaur Fighter)               Turns: 5692, Time: 00:04:37

Health: -3/73      AC:  9    Str: 23    XL:     8   Next: 99%
Magic:  7/7        EV: 10    Int:  5    God:
Gold:   290        SH:  5    Dex: 10    Spells: 7/7 levels left

rFire    . . .     SeeInvis .   a - +0 war axe
rCold    . . .     Faith    .   j - +0 buckler
rNeg     . . .     Spirit   .   b - +0 scale mail
rPois    .         Reflect  .   (helmet restricted)
rElec    .         Harm     .   (no cloak)
rCorr    .         Rampage  .   o - +0 pair of gloves
Will     .....                  (no boots)
Stlth    ..........             (no amulet)
HPRegen  0.22/turn              (no ring)
MPRegen  0.10/turn              (no ring)

@: no status effects
A: horns 2, retaliatory headbutt
a: no special abilities


You were on level 7 of the Dungeon.
You visited 1 branch of the dungeon, and saw 7 of its levels.

You collected 290 gold pieces.

Inventory:

Hand Weapons
 a - a +0 war axe (weapon)
 u - the +10 trident of Doom {drain, Dex+6}
   (You found it on level 5 of the Dungeon)

   A truly terrible weapon, it drains the life of those it strikes.
   It affects your dexterity (+6).
Missiles
 s - 18 poisoned darts (quivered)
Armour
 b - a +0 scale mail (worn)
 c - a +0 kite shield
 j - a +0 buckler (worn)
 o - a +0 pair of gloves (worn)
Jewellery
 k - a +6 ring of intelligence
 v - a ring of poison resistance
 x - a ring of protection from fire
Wands
 t - a wand of mindburst (17)
Scrolls
 e - 6 scrolls of identify {unknown}
 m - a scroll of immolation {unknown}
 n - a scroll of noise {unknown}
 q - 5 scrolls of teleportation {unknown}
 w - a scroll of fog {unknown}
 y - a scroll of enchant armour {unknown}
 z - 3 scrolls of amnesia {unknown}
Potions
 d - a potion of might
 f - 2 potions of brilliance {unknown}
 g - 7 potions of curing
 h - a potion of cancellation {unknown}
 i - 2 potions of haste {unknown}
 l - a potion of attraction {unknown}
 p - a potion of ambrosia {unknown}
 r - a potion of flight {unknown}


   Skills:
 + Level 7.1 Fighting
 * Level 8.5(8.6) Axes
 + Level 0.8(5.3) Polearms
 + Level 2.4 Throwing
 + Level 7.2 Armour
 - Level 0.1 Dodging
 + Level 7.2 Shields


You had 7 spell levels left.
You didn't know any spells.
Your spell library contained the following spells:

 Spells                   Type           Power      Damage    Failure   Level
 Corona                   Hex            0%         N/A       77%         1
 Foxfire                  Conj/Fire      0%         2x1d4     77%         1
 Sting                    Tmut/Pois      0%         1d3       77%         1
 Poisonous Vapours        Pois/Air       0%         N/A       88%         2
 Slow                     Hex            0%         N/A       88%         2
 Conjure Flame            Conj/Fire      0%         6-21      98%         3
 Ignite Poison            Fire/Tmut/Pois 0%         N/A       98%         3
 Inner Flame              Hex/Fire       0%         N/A       98%         3
 Mephitic Cloud           Conj/Pois/Air  0%         N/A       98%         3
 Portal Projectile        Hex/Tloc       0%         N/A       98%         3
 Cause Fear               Hex            0%         N/A       100%        4
 Leda's Liquefaction      Hex/Erth       0%         N/A       100%        4
 Olgreb's Toxic Radiance  Pois           0%         N/A       100%        4
 Sticky Flame             Conj/Fire      0%         2d3       100%        4
 Fireball                 Conj/Fire      0%         3d3       100%        5


Dungeon Overview and Level Annotations

Branches:
Dungeon (7/15)
 Temple: D:4-7

Altars:
Fedhas
Yredelemnul

Shops:
D:1 [


Innate Abilities, Weirdness & Mutations

You have a pair of horns on your head.
You reflexively headbutt those who attack you in melee.


Message History

You are too injured to fight recklessly!
You are too injured to fight recklessly!
You are too injured to fight recklessly!
You are too injured to fight recklessly!
You are too injured to fight recklessly!
You are too injured to fight recklessly!
You are too injured to fight recklessly!
You are too injured to fight recklessly!
You are too injured to fight recklessly!
You are too injured to fight recklessly!
You are too injured to fight recklessly!
You are too injured to fight recklessly!
You are too injured to fight recklessly!
Unknown command.
You are too injured to fight recklessly!
You hit the orc warrior but do no damage.
Your headbutt misses the orc warrior.
The orc warrior is severely wounded.
You slash the orc wizard!
The orc wizard casts a spell at itself.
The orc wizard flickers and vanishes!
Deactivating autopickup; reactivate with Ctrl-A.
The orc warrior closely misses you.
You hit the orc warrior.
The orc warrior is almost dead.
You closely miss something. Something hits you but does no damage.
The orc warrior barely misses you.
You hit the orc warrior but do no damage.
You headbutt the orc warrior, but do no damage.
The orc warrior is almost dead.
You miss something. Something hits you but does no damage.
The orc warrior hits you with a +0 glaive!!
* * * LOW HITPOINT WARNING * * *
You barely miss the orc warrior. You headbutt the orc warrior.
The orc warrior is almost dead.
You slash something!
Reactivating autopickup.
You feel a bit more experienced.
The orc warrior hits you with a +0 glaive!
You die...

#8.8#.....#....
.#............
............#
...........(#
..
#......>...#..#
#.............
#.....<...#
#.##.##.#.# #
#@#
.......o)......
..#...........#
#.....##..###
#....## #.#
##### ##


You could see an orc warrior.

Vanquished Creatures
  Eustachio (D:4)
  A water moccasin (D:5)
  Purgy (D:3)
  A sky beast (D:6)
  A necrophage (D:5)
  3 ogres
  A centaur (D:6)
  2 water moccasin zombies
  2 scorpions (D:5)
  A water moccasin skeleton (D:6)
  3 wights (D:4)
  A howler monkey (D:6)
  3 bullfrog zombies
  3 centaur zombies
  A hound (D:4)
  An orc priest (D:6)
  3 iguanas
  A human zombie (D:4)
  Terence (D:3)
  3 orc wizards
  A hound zombie (D:4)
  A hound skeleton (D:4)
  2 mummies (D:4)
  4 adders
  2 white imps (D:6)
  3 ufetubi
  2 adder zombies (D:4)
  A worm (D:5)
  3 dart slugs
  13 orcs
  5 endoplasms
  13 giant cockroaches
  6 goblins
  5 hobgoblins
  12 jackals
  6 kobolds
  7 quokkas
  6 ball pythons
  5 bats
  A frilled lizard (D:1)
  5 rats
137 creatures vanquished.

Notes
Turn   | Place    | Note
-------+----------+-------------------------------------------
     0 | D:1      | leviel the Minotaur Fighter began the quest for the Orb.
     0 | D:1      | Reached XP level 1. HP: 19/19 MP: 0/0
    98 | D:1      | Found Tyrhyism's Antique Armour Emporium.
   116 | D:1      | Reached XP level 2. HP: 27/27 MP: 1/1
   153 | D:1      | Found a faded altar of an unknown god.
   634 | D:2      | Reached XP level 3. HP: 33/33 MP: 2/2
   687 | D:2      | Found a blossoming altar of Fedhas.
   918 | D:2      | Reached skill level 3 in Axes
  1254 | D:3      | Reached XP level 4. HP: 28/40 MP: 3/3
  1354 | D:3      | Noticed an ogre
  1361 | D:3      | Killed an ogre
  1362 | D:3      | Reached XP level 5. HP: 46/47 MP: 4/4
  1413 | D:3      | Reached skill level 5 in Armour
  1447 | D:3      | Noticed Purgy
  1460 | D:3      | Killed Purgy
  1461 | D:3      | Reached skill level 5 in Fighting
  1461 | D:3      | Reached skill level 4 in Axes
  1461 | D:3      | Reached skill level 5 in Shields
  1461 | D:3      | Reached XP level 6. HP: 37/56 MP: 5/5
  1922 | D:3      | Noticed Terence
  1926 | D:3      | Killed Terence
  2183 | D:4      | Noticed Eustachio
  2202 | D:4      | Killed Eustachio
  2203 | D:4      | Reached skill level 5 in Axes
  2504 | D:4      | Reached XP level 7. HP: 46/61 MP: 6/6
  2992 | D:4      | Found a basalt altar of Yredelemnul.
  3008 | D:4      | Reached skill level 6 in Axes
  3251 | D:5      | Entered Level 5 of the Dungeon
  3641 | D:5      | Reached XP level 8. HP: 54/70 MP: 7/7
  3645 | D:5      | Reached skill level 7 in Axes
  3906 | D:5      | Identified the +10 trident of Doom {drain, Dex+6}
  3958 | D:5      | Reached skill level 1 in Throwing
  4951 | D:6      | Reached skill level 8 in Axes
  5692 | D:7      | Slain by an orc warrior

Illustrated notes

Levels and vault maps discovered:
D:1:      dpeg_arrival_tiny_k, layout_basic, serial_shops, shop,
          hellmonk_ecumenical_altar_lost_god
D:2:      layout_loops_ring, basic_altar
D:3:      minmay_roachtagon, layout_basic, uniq_terence, uniq_purgy
D:4:      layout_basic, lemuel_mausoleum_altar_yredelemnul, uniq_eustachio
D:5:      layout_rooms, serial_co_window_serial, co_window_corner_a,
          co_window_paths_a, co_window_paths_b, co_window_paths_a,
          co_window_paths_a, co_window_unsneaky_path_a, co_window_corner_b,
          co_window_of_opportunity_c, co_window_corner_b,
          co_window_unsneaky_path_b, co_window_sun, co_window_paths_e,
          glass_columns_b, glass_columns_a, glass_columns_a, glass_columns_b,
          glass_columns_a, minivault_25
D:6:      layout_basic
D:7:      layout_cave_pools, chequers_temple_overflow_statue_of_worship,
          minmay_temple_entry_statues

Skill      XL: |  1  2  3  4  5  6  7  8 |
---------------+-------------------------+-----
Shields        | 4 5 6 7 |  7.2
Fighting       | 4 5 6 7 |  7.1
Armour         | 4 5 6 7 |  7.2
Axes           | 3 4 5 6 8 |  8.5
Throwing       | 2 |  2.4
Polearms       | |  0.8
Dodging        | |  0.1

Action                   |  1- 3 |  4- 6 |  7- 9 || total
-------------------------+-------+-------+-------++-------
Melee: War axe           |    72 |    83 |   204 ||   359
       Headbutt          |    14 |    14 |    39 ||    67
  Use: Potion            |       |       |     1 ||     1
Armor: Scale mail        |    29 |    49 |   102 ||   180
Dodge: Dodged            |    36 |    71 |    83 ||   190
Block: Kite shield       |    14 |       |       ||    14
       Buckler           |     9 |    20 |    37 ||    66

Table legend: (Time is in decaauts)
 A = Elapsed time spent in this place.
 B = Non-inter-level travel time spent in this place.
 C = Inter-level travel time spent in this place.
 D = Time resting spent in this place.
 E = Time spent auto-exploring this place.
 F = Levels seen in this place.
 G = Mean time per level.
                   A        B        C        D        E       F      G
               +--------+--------+--------+--------+--------+-----+--------+
         Total |   5777 |   5606 |    171 |    413 |   4403 |   7 |  825.3 |
       Dungeon |   5777 |   5606 |    171 |    413 |   4403 |   7 |  825.3 |
               +--------+--------+--------+--------+--------+-----+--------+

Top non-repeatable levels by time:
     D:5: 1557 daAuts
     D:4: 1133 daAuts
     D:3: 914 daAuts
     D:6: 886 daAuts
     D:1: 651 daAuts
     D:2: 622 daAuts
     D:7: 11 daAuts
